 Adventure DCSS version bcrawl-1.19-7-g22fd707d3b (webtiles) character file.

Game seed: 14731415555615246224

163 Leeroy the Carver (level 5, 0/32 HPs)
             Began as a Skeleton Reaver on Nov 15, 2019.
             Was a Believer of Vehumet.
             Splashed by a jelly's acid (1 damage)
             ... on level 4 of the Dungeon.
             The game lasted 00:08:26 (4313 turns).

Leeroy the Carver (Skeleton Reaver)                 Turns: 4313, Time: 00:08:27

Health: 0/32       AC:  9    Str: 17      XL:     5   Next: 20%
Magic:  0/9        EV: 12    Int: 11 (13) God:    Vehumet [**....]
Gold:   186        SH:  0    Dex:  6 (8)  Spells: 9/10 levels left
                                        Lives:  0   Deaths: 2

rFire    . . .     SeeInvis .   n - -3 mace (curse)
rCold    + + .     Gourm    .   (no shield)
rNeg     + + +     Faith    .   b - +1 steam dragon scales
rPois    ∞         Spirit   +   (no helmet)
rElec    .         Reflect  .   (no cloak)
rCorr    .         Harm     .   (no gloves)
MR       .....                  (no boots)
Stlth    +.........             (no amulet)
HPRegen  0.10/turn              g - +3 ring of protection
MPRegen  0.11/turn              k - ring of protection from cold

@: no status effects
A: no food or potions, cold resistance 1, deterioration 1, negative energy
resistance 3, torment resistance, unbreathing, magic shield, sturdy frame 1,
spell healing
a: Renounce Religion


You were on level 4 of the Dungeon.
You worshipped Vehumet.
Vehumet was pleased with you.
You were not hungry.

You visited 1 branch of the dungeon, and saw 4 of its levels.

You collected 186 gold pieces.

Inventory:

Hand Weapons
 a - a +0 long sword
 e - a +0 hunting sling
 j - a +0 dagger of electrocution
 m - a +4 quarterstaff of chaos
 n - a cursed -3 mace (weapon)
 o - a +0 trident
 q - a +0 war axe
Missiles
 f - 175 poisoned needles
 p - 101 javelins (quivered)
Armour
 b - +1 steam dragon scales (worn)
Jewellery
 g - a +3 ring of protection (left hand)
 h - an uncursed ring of insulation {unknown}
 k - a ring of protection from cold (right hand)
 l - an uncursed ring of see invisible {unknown}
Scrolls
 c - a scroll of immolation
 d - a scroll of teleportation
 i - 4 scrolls of identify
 r - a scroll of blinking {unknown}


   Skills:
 - Level 3.0 Fighting
 + Level 8.3 Long Blades
 - Level 3.0 Dodging
 - Level 3.0 Spellcasting


You had 9 spell levels left.
You knew the following spells:

 Your Spells              Type           Power        Failure   Level  Hunger
a - Magic Dart            Conj           #...         7%          1    N/A

Your spell library contained the following spells:

 Spells                   Type           Power        Failure   Level  Hunger
 Iskenderun's Battlesphe  Conj/Chrm      #.......     85%         5    N/A

Dungeon Overview and Level Annotations

Branches:
Dungeon (4/12)
 Temple: D:4-7

Altars:
Elyvilon


Innate Abilities, Weirdness & Mutations

You do not eat or drink.
You are immune to poison.
Your flesh is cold resistant. (rC+)
Your body sometimes deteriorates upon taking damage.
You are immune to negative energy. (rN+++)
You are immune to unholy pain and torment.
You can survive without breathing.
When hurt, damage is shared between your health and your magic reserves.
Your movements are slightly less encumbered by armour. (ER -2)
Casting spells heals you.


Message History

The jelly closely misses you. The jelly hits you.
You are splashed with acid!
* * * LOW HITPOINT WARNING * * *
Your body deteriorates!
You feel dopey.
You see here a scorpion corpse.
There is an open door here.
A jelly is nearby!
A jelly is nearby!
You hit the jelly but do no damage.
Your hands burn!
The jelly hits you.
* * * LOW HITPOINT WARNING * * *
You are splashed with acid!
* * * LOW HITPOINT WARNING * * *
Your body deteriorates!
You feel clumsy.
You completely miss the jelly. The jelly barely misses you.
You hit the jelly.
Your hands burn!
* * * LOW HITPOINT WARNING * * *
The jelly is moderately wounded.
The jelly hits you but does no damage. x2
You hit the jelly.
Your hands burn!
You die...

########.#.####.# #...
#......#.# #...
##.###########.....#.#####...
#.......†....'.....'.........
#.....########.....#........#
#>..... .. #.....#.########
#.....## #. ##....#.# #.$...#
#.###....#'### .......#
#.@#...##....# ###.#####
##J#...##....# #.
#.#...##....# #.....###.###
##....# #.# #....# #.########
##÷..###'#.......
#..##...........
##.##...........


You could see a jelly.

Vanquished Creatures
  A scorpion (D:4)
  Crazy Yiuf (D:2)
  An orc wizard (D:3)
  Robin (D:2)
  7 adders
  An ooze (D:3)
  A worm (D:3)
  3 dart slugs
  4 leopard geckos (D:2)
  17 orcs
  3 bats
  3 giant cockroaches
  10 goblins
  10 hobgoblins
  4 quokkas
  4 frilled lizards
  6 kobolds
  A rat (D:1)
  2 fungi (D:2)
80 creatures vanquished.

Notes
Turn   | Place    | Note
-------+----------+-------------------------------------------
     0 | D:1      | Leeroy the Skeleton Reaver began the quest for the Orb.
     0 | D:1      | Reached XP level 1. HP: 14/14 MP: 4/4
   238 | D:1      | Reached skill level 4 in Long Blades
   388 | D:1      | Reached XP level 2. HP: 19/19 MP: 6/6
   983 | D:2      | Reached skill level 5 in Long Blades
  1242 | D:2      | Noticed Robin
  1243 | D:2      | Reached XP level 3. HP: 10/23 MP: 3/7
  1257 | D:2      | Reached * piety under Vehumet
  1257 | D:2      | Offered knowledge of Sandblast by Vehumet.
  1279 | D:2      | HP: 1/23 [goblin (1)]
  1280 | D:2      | Slain by a goblin
  1281 | D:2      | Reached XP level 2. HP: -1/19 MP: 0/6
  1296 | D:2      | Killed Robin
  1303 | D:2      | Reached XP level 3. HP: 19/23 MP: 5/7
  1704 | D:2      | Found a runed door.
  1708 | D:2      | Noticed Crazy Yiuf
  1717 | D:2      | Killed Crazy Yiuf
  1717 | D:2      | Reached skill level 6 in Long Blades
  1860 | D:3      | Reached XP level 4. HP: 28/28 MP: 6/8
  2481 | D:3      | Reached skill level 7 in Long Blades
  2608 | D:3      | Reached XP level 5. HP: 30/32 MP: 9/9
  2865 | D:3      | Offered knowledge of Magic Dart by Vehumet.
  2868 | D:3      | Learned a level 1 spell: Magic Dart
  3128 | D:3      | Reached ** piety under Vehumet
  3566 | D:4      | Found a white marble altar of Elyvilon.
  3810 | D:4      | HP: 1/32 [scorpion (4)]
  3813 | D:4      | Slain by a scorpion
  3814 | D:4      | Reached XP level 4. HP: -1/28 MP: 0/8
  4089 | D:4      | Reached skill level 8 in Long Blades
  4286 | D:4      | Reached XP level 5. HP: 14/32 MP: 5/9
  4312 | D:4      | HP: 1/32 [acid (2)]
  4313 | D:4      | Splashed by a jelly's acid

Skill      XL: |  1  2  3  4 |
---------------+-------------+-----
Long Blades    | 4 5 6 8 |  8.3
Fighting       | |  3.0
Dodging        | |  3.0
Spellcasting   | |  3.0

Action                   |  1- 3 |  4- 6 || total
-------------------------+-------+-------++-------
Melee: Long sword        |    84 |       ||    84
       Dagger            |    84 |       ||    84
       Mace              |     6 |   360 ||   366
Throw: Javelin           |       |     1 ||     1
  Use: Scroll            |     3 |       ||     3
Armor: Steam dragon scal |    44 |   186 ||   230
Dodge: Dodged            |    96 |   300 ||   396
